 Dungeon Crawl Stone Soup version 0.30.0-10-gfe55d96785 (webtiles) character file.

Game seed: 3178219501229821424

106435 Jase the Eclecticist (level 16, -9/128 HPs)
             Began as a Djinni Fire Elementalist on May 11, 2023.
             Was the Champion of Makhleb.
             Mangled by a spark wasp (16 damage)
             ... on level 3 of the Spider Nest on May 13, 2023.
             The game lasted 03:30:45 (24096 turns).

Jase the Eclecticist (Djinni Fire Elementalist)    Turns: 24096, Time: 03:30:46

Health: -9/128     AC:  8    Str:  7    XL:     16   Next: 99%
Gold:   1512       EV: 12    Int: 29    God:    Makhleb [******] SH:  0 Dex: 16

rFire   + + +        b - +3 scimitar (flame)
rCold   x . .        (no shield)
rNeg    . . .        R - +2 robe {rC+}
rPois   ∞            w - +0 helmet
rElec   .            J - +1 cloak {rCorr}
rCorr   +            V - +0 pair of gloves
SInv    .            (boots unavailable)
Will    +....        F - amulet of regeneration
Stlth   ++           o - ring of fire
HPRegen 1.21/turn    n - +6 ring of intelligence
MPRegen 0.00/turn

%: infuse magic (-10 HP)
@: flying
A: sickness immunity, fire resistance 2, cold vulnerability 1, float, innate
caster, HP casting, extra vitality 1
a: Renounce Religion, Minor Destruction, Lesser Servant of Makhleb, Major
Destruction, Greater Servant of Makhleb


You were on level 3 of the Spider Nest.
You worshipped Makhleb.
Makhleb was exalted by your worship.
You visited 5 branches of the dungeon, and saw 22 of its levels.
You also visited: Sewer, Ice Cave and Volcano.

You collected 2203 gold pieces.
You spent 691 gold pieces at shops.

Inventory:

Hand Weapons
 a - a +2 dagger of flaming
 b - a +3 scimitar of flaming (weapon)
Missiles
 C - 4 throwing nets
Armour
 w - a +0 helmet (worn)
 B - a +2 ring mail of willpower
 J - a +1 cloak of preservation (worn)
 R - a +2 robe of cold resistance (worn)
 V - a +0 pair of gloves (worn)
Jewellery
 l - a ring of ice
 n - a +6 ring of intelligence (right hand)
 o - a ring of fire (left hand)
 F - an amulet of regeneration (around neck)
 H - the ring of Ogierrea {Wiz Str+4 Int+2 Dex-2 Stlth+}
   (You took it off an orc wizard on level 9 of the Dungeon)

   [ring of wizardry]

   It improves your spell success rate.
   Str:       It affects your strength (+4).
   Int:       It affects your intelligence (+2).
   Dex:       It affects your dexterity (-2).
   Stlth:     It makes you more stealthy.
 L - a ring of positive energy
 O - a ring of ice
 T - a ring of protection from fire
Wands
 e - a wand of iceblast (22)
 y - a wand of charming (19)
 A - a wand of polymorph (11)
 K - a wand of quicksilver (17)
 N - a wand of flame (25)
Scrolls
 c - 2 scrolls of fog
 g - 2 scrolls of magic mapping
 j - 4 scrolls of enchant weapon
 m - 9 scrolls of teleportation
 p - 10 scrolls of vulnerability
 q - 3 scrolls of blinking
 r - 6 scrolls of poison
 s - 2 scrolls of immolation
 t - 5 scrolls of enchant armour
 I - 3 scrolls of silence
 M - 4 scrolls of fear
 P - a scroll of brand weapon
 S - a scroll of torment
 U - 2 scrolls of identify
Potions
 d - 6 potions of ambrosia
 f - 2 potions of cancellation
 h - 6 potions of curing
 i - 6 potions of haste
 k - 7 potions of lignification
 u - 4 potions of mutation
 v - 2 potions of attraction
 x - 2 potions of brilliance
 z - 4 potions of berserk rage
 D - 2 potions of heal wounds
 E - 5 potions of might
 Q - a potion of resistance
Miscellaneous
 G - a phantom mirror


   Skills:
 + Level 16.2 Fighting
 + Level 6.8 Long Blades
 - Level 2.1 Dodging
 - Level 1.5 Stealth
 * Level 17.8 Spellcasting


You knew the following spells:

 Your Spells              Type           Power      Damage    Failure   Level
a - Foxfire               Conj/Fire      100%       2x1d9     0%          1
b - Scorch                Fire           100%       2d9       0%          2
c - Volatile Blastmotes   Fire/Tloc      100%       2d18      0%          3
d - Inner Flame           Hex/Fire       100%       N/A       0%          3
e - Flame Wave            Conj/Fire      100%       2d21      0%          4
f - Magic Dart            Conj           100%       1d8       0%          1
g - Static Discharge      Conj/Air       100%       2-7/arc   0%          2
h - Passwall              Tmut/Erth      76%        N/A       0%          2
i - Animate Dead          Necr           92%        N/A       0%          4
j - Iskenderun's Mystic   Conj/Tloc      92%        2d18      0%          4
k - Summon Forest         Summ/Tloc      46%        N/A       1%          5
l - Simulacrum            Ice/Necr       46%        N/A       1%          6
Your spell library was empty.

Dungeon Overview and Level Annotations

Branches:
Dungeon (11/15)            Temple (1/1) D:6            Lair (5/5) D:9
  Swamp (0/4) Lair:2       Spider (3/4) Lair:3        Slime (0/5) Lair:5
    Orc (2/2) D:9             Elf (0/3) Orc:2         Sewer (visited)
  IceCv (visited)         Volcano (visited)

Altars:
Ashenzari
Cheibriados
Dithmenos
Elyvilon
Fedhas
Gozag
Hepliaklqana
Makhleb
Okawaru
Qazlal
Ru
Trog
Uskayaw
Wu Jian
Xom
Zin
The Shining One
Jiyva
Lugonu

Shops:
D:3 :   D:8 ?   Orc:1 ?   Orc:2 :(=*[

Portals:
Abyss: Lair:5

Annotations:
D:4 9 exclusions
D:11 6 exclusions
Lair:3 6 exclusions
Lair:4 3 runed translucent doors, Nubia's ghost, journeyman GnEn
Spider:2 exclusion: sun moth
Orc:2 6 exclusions


Innate Abilities, Weirdness & Mutations

You are immune to sickness and miasma.
You are immune to poison.
Your flesh is very heat resistant. (rF++)
You are vulnerable to cold. (rC-)
You float through the air rather than walking.
You learn spells naturally, not from books.
Your magical power is your life essence.
You have superior vitality. (+4 MHP)


Message History

The spark wasp is severely wounded.
The spark wasp stings you! The spark wasp shocks you!
The spark wasp stings you. The spark wasp shocks you!
Casting: Scorch (safe; 0% risk of failure)
Confirm with . or Enter, or press ? or * to list all spells.
You feel a surge of power!
Flames lash the spark wasp.
The spark wasp is severely wounded.
The spark wasp closely misses you.
Unknown command.
Casting: Scorch (safe; 0% risk of failure)
Confirm with . or Enter, or press ? or * to list all spells.
You feel a surge of power!
Flames lash the spark wasp.
The spark wasp is burned terribly!
The spark wasp is almost dead.
The spark wasp stings you. The spark wasp shocks you!
The spark wasp stings you! The spark wasp shocks you!
* * * LOW HITPOINT WARNING * * *
Casting: Scorch (safe; 0% risk of failure)
Confirm with . or Enter, or press ? or * to list all spells.
You erupt in a blast of force!
The mystic blast hits the spark wasp.
The spark wasp is almost dead.
The spark wasp is knocked back by the mystic blast.
* * * LOW HITPOINT WARNING * * *
Unknown command.
You feel much better.
The spark wasp bursts into living lightning!
The living lightning hits you!!
* * * LOW HITPOINT WARNING * * *
The spark wasp blinks!
Unknown command.
Casting: Iskenderun's Mystic Blast (safe; 0% risk of failure)
Confirm with . or Enter, or press ? or * to list all spells.
You feel a surge of power!
Flames lash the spark wasp.
The spark wasp is burned terribly!
The spark wasp is almost dead.
* * * LOW HITPOINT WARNING * * *
The spark wasp stings you!
* * * LOW HITPOINT WARNING * * *
The spark wasp shocks you!
You die...

.#
###............#
.#
#..............#
..
#^.........^...#
..
#..............#
..
#........§..^^.#
..
#..............#
..
#.....^........#
#........)....##
#......##@#####
..### #y# ##
#.#### ##.^.#
#......(#
#..y.....#
#.........#
#.........#
#.........#


You could see a spark wasp (combustible).

Vanquished Creatures
  Agnes (Spider:1)
  2 emperor scorpions (Spider:1)
  Azrael (Spider:1)
  An entropy weaver (Spider:3)
  A fire dragon (Volcano)
  2 hydras
  Erica (D:8)
  2 boulder beetles
  5 two-headed ogres
  8 death yaks
  3 thrashing horrors (Lair:5)
  An orc high priest (Orc:1)
  4 pharaoh ants
  A skyshark (Lair:5)
  2 sun moths
  2 orb spiders
  2 bog bodies (Lair:2)
  A lindwurm (Lair:5)
  2 orc knights
  12 wolf spiders
  2 steelbarb worms
  2 orc sorcerers
  3 ugly things
  A cyclops (D:11)
  A salamander (Volcano)
  3 black mambas (Lair:5)
  2 moths of wrath
  16 elephants
  Maurice (D:8)
  A gargoyle (D:10)
  A smoke demon (Lair:5)
  3 torpor snails
  8 demonic crawlers
  8 cane toads
  4 unseen horrors
  2 rime drakes
  6 komodo dragons
  2 ancient zymes (Lair:5)
  A queen bee (Lair:1)
  3 trolls
  6 meliai
  A polar bear (Lair:2)
  A hornet (D:8)
  2 large abominations (Lair:5)
  7 tarantellas
  28 blink frogs
  10 small abominations (Lair:5)
  16 jumping spiders
  11 culicivoras
  A vampire (D:11)
  51 yaks
  2 spriggans (Lair:5)
  A wraith (D:9)
  2 shadows (D:9)
  A basilisk (shapeshifter) (Lair:5)
  5 fire bats (Volcano)
  4 fire elementals (Spider:1)
  3 steam dragons
  2 chaos spawn (Lair:5)
  13 wyverns
  6 basilisks
  36 redbacks
  4 vampire mosquitoes (D:11)
  2 acid dragons
  4 wargs
  2 swamp worms (Lair:2)
  2 harpy simulacra (IceCv)
  10 water moccasins
  2 hell hounds (Spider:1)
  Duvessa (D:4)
  20 orc warriors
  5 black bears
  A sky beast (D:6)
  An ice beast (D:6)
  9 ogres
  5 wolves
  12 centaurs
  An ogre (shapeshifter) (Lair:5)
  2 kobold brigands
  5 scorpions
  8 bullfrogs
  5 gnoll sergeants
  Dowan (D:4)
  26 killer bees
  An elephant simulacrum (IceCv)
  5 electric eels
  8 howler monkeys
  A black bear zombie (Lair:1)
  5 gnoll boudas
  10 orc priests
  10 hounds
  2 jellies
  3 sleepcaps
  5 iguanas
  15 orc wizards
  4 hell rats (Lair:2)
  A polar bear simulacrum (IceCv)
  A wolf simulacrum (IceCv)
  2 killer bee zombies (D:9)
  36 gnolls
  18 adders
  3 river rats (Sewer)
  2 white imps
  An ufetubus (D:5)
  An orc zombie (D:9)
  3 worms
  4 dart slugs
  34 orcs
  5 bats
  10 endoplasms
  4 giant cockroaches
  A gnoll zombie (D:6)
  13 goblins
  10 hobgoblins
  14 jackals
  7 quokkas
  9 ball pythons
  12 frilled lizards
  21 kobolds
  7 rats
  A butterfly (Lair:5)
  3 snaplasher vines
753 creatures vanquished.

Vanquished Creatures (collateral kills)
  An orc warlord (Orc:2)
  2 death yaks
  An orc high priest (Orc:2)
  A lindwurm (Lair:3)
  A bog body (Lair:2)
  3 orc knights (Orc:2)
  A wolf spider (Spider:2)
  5 orc sorcerers
  2 salamanders (Volcano)
  2 smoke demons (Lair:5)
  A cane toad (Lair:2)
  A blink frog (Lair:2)
  A fire elemental (Spider:1)
  2 steam dragons (Volcano)
  A wyvern (Volcano)
  3 yaks
  A fire bat (Volcano)
  A redback (Spider:3)
  10 orc warriors
  3 ogres
  A bullfrog (Lair:1)
  4 orc priests (Orc:2)
  5 orc wizards
  2 hell rats (Lair:2)
  14 orcs
  A foxfire (D:7)
70 creatures vanquished.

Vanquished Creatures (others)
  A bullfrog zombie (Lair:1)
  A black bear zombie (Lair:1)
  4 orc zombies
  1954 foxfires
  5 snaplasher vines
1965 creatures vanquished.

Grand Total: 2788 creatures vanquished

Notes
Turn   | Place    | Note
-------+----------+-------------------------------------------
     0 | D:1      | Jase the Djinni Fire Elementalist began the quest for the
                  | Orb.
     0 | D:1      | Jase set off with the following spells memorised: Foxfire,
                  | Scorch, Volatile Blastmotes, Inner Flame, Flame Wave.
     0 | D:1      | Reached XP level 1. HP: 15/15 MP: 0/0
   227 | D:1      | Reached XP level 2. HP: 20/22 MP: 0/0
   358 | D:1      | Reached skill level 1 in Fighting
   512 | D:1      | Reached XP level 3. HP: 22/27 MP: 0/0
   512 | D:1      | Learned a level 1 spell: Magic Dart
   539 | D:1      | Reached skill level 3 in Spellcasting
  1428 | D:2      | Reached XP level 4. HP: 29/32 MP: 0/0
  2220 | D:3      | Reached XP level 5. HP: 35/38 MP: 0/0
  2220 | D:3      | Learned a level 2 spell: Static Discharge
  2255 | D:3      | Found Ussu's Book Shoppe.
  2260 | D:3      | Found a shadowy altar of Dithmenos.
  2858 | D:4      | Noticed Duvessa
  2858 | D:4      | Noticed Dowan
  2866 | D:4      | Killed Duvessa
  2867 | D:4      | Reached skill level 4 in Spellcasting
  2867 | D:4      | Reached XP level 6. HP: 12/46 MP: 0/0
  2868 | D:4      | Killed Dowan
  3092 | D:4      | Found a glowing drain.
  3100 | Sewer    | Entered a sewer
  3280 | Sewer    | Reached XP level 7. HP: 48/50 MP: 0/0
  3280 | Sewer    | Learned a level 2 spell: Passwall
  3633 | D:4      | Reached skill level 5 in Spellcasting
  3650 | D:4      | Found an iron altar of Okawaru.
  3901 | D:4      | Found an ornate altar of the Wu Jian Council.
  4033 | D:4      | Found a hazy altar of Hepliaklqana.
  4227 | D:5      | Entered Level 5 of the Dungeon
  4599 | D:5      | Found a stormy altar of Qazlal.
  4687 | D:5      | Reached XP level 8. HP: 54/58 MP: 0/0
  4749 | D:5      | Reached skill level 6 in Spellcasting
  4923 | D:5      | Reached skill level 5 in Fighting
  5579 | D:6      | Reached skill level 7 in Spellcasting
  5579 | D:6      | Reached XP level 9. HP: 50/66 MP: 0/0
  5579 | D:6      | Learned a level 4 spell: Animate Dead
  5990 | D:6      | Found a staircase to the Ecumenical Temple.
  6000 | Temple   | Entered the Ecumenical Temple
  6153 | Temple   | Became a worshipper of Makhleb the Destroyer
  6601 | D:6      | Reached skill level 8 in Spellcasting
  6710 | D:6      | Reached * piety under Makhleb
  7354 | D:7      | Reached XP level 10. HP: 57/75 MP: 0/0
  7657 | D:7      | Reached skill level 9 in Spellcasting
  7767 | D:7      | Reached ** piety under Makhleb
  8381 | D:7      | Found a snail-covered altar of Cheibriados.
  8503 | D:8      | Noticed Maurice
  8512 | D:8      | Killed Maurice
  8763 | D:8      | Found Tytiw's Magic Scroll Shop.
  8776 | D:8      | Bought a scroll of identify for 30 gold pieces
  8776 | D:8      | Bought a scroll of identify for 30 gold pieces
  8778 | D:8      | Bought a scroll of enchant armour for 112 gold pieces
  8778 | D:8      | Bought a scroll of enchant weapon for 112 gold pieces
  8821 | D:8      | Bought a scroll of teleportation for 45 gold pieces
  8837 | D:8      | Reached skill level 10 in Spellcasting
  8952 | D:8      | Reached XP level 11. HP: 52/84 MP: 0/0
  8952 | D:8      | Learned a level 4 spell: Iskenderun's Mystic Blast
  9075 | D:8      | Noticed Erica
  9091 | D:8      | Killed Erica
  9532 | D:9      | Noticed a two-headed ogre
  9539 | D:9      | Killed a two-headed ogre
  9548 | D:9      | Reached skill level 11 in Spellcasting
  9617 | D:9      | Reached *** piety under Makhleb
  9910 | D:9      | Reached skill level 10 in Fighting
 10018 | D:9      | Found a staircase to the Lair.
 10108 | D:9      | Identified the ring of Ogierrea {Wiz Str+4 Int+2 Dex-2
                  | Stlth+} (You took it off an orc wizard on level 9 of the
                  | Dungeon)
 10151 | D:8      | Bought a scroll of silence for 142 gold pieces
 10199 | D:9      | Found an opulent altar of Gozag.
 10375 | D:9      | Found a staircase to the Orcish Mines.
 10585 | D:10     | Entered Level 10 of the Dungeon
 10689 | D:10     | Reached XP level 12. HP: 77/92 MP: 0/0
 10728 | D:10     | Reached **** piety under Makhleb
 10844 | D:10     | Reached skill level 12 in Spellcasting
 11207 | D:10     | Found a bloodstained altar of Trog.
 11221 | D:10     | Found a blossoming altar of Fedhas.
 11224 | D:10     | Found a glowing golden altar of the Shining One.
 11227 | D:10     | Found a shimmering altar of Xom.
 11608 | D:11     | Found a frozen archway.
 11631 | IceCv    | Entered an ice cave
 11688 | IceCv    | Found a transporter.
 11698 | IceCv    | Found a transporter.
 11925 | D:11     | Noticed a two-headed ogre
 11936 | D:11     | Killed a two-headed ogre
 12275 | D:11     | Reached ***** piety under Makhleb
 12419 | Lair:1   | Entered Level 1 of the Lair of Beasts
 12462 | Lair:1   | Reached skill level 13 in Spellcasting
 12657 | Lair:1   | Reached XP level 13. HP: 97/100 MP: 0/0
 12657 | Lair:1   | Learned a level 5 spell: Summon Forest
 13444 | Lair:2   | Reached skill level 14 in Spellcasting
 14325 | Lair:2   | Found a staircase to the Swamp.
 14666 | Lair:3   | Found a dark tunnel.
 14689 | Volcano  | Entered a volcano
 14705 | Volcano  | Reached ****** piety under Makhleb
 14723 | Volcano  | Reached XP level 14. HP: 100/110 MP: 0/0
 15166 | Volcano  | Reached skill level 15 in Spellcasting
 16244 | Lair:3   | Found a hole to the Spider Nest.
 16432 | Lair:4   | Found a runed translucent gate.
 16432 | Lair:4   | Found a runed translucent gate.
 16433 | Lair:4   | Found a runed translucent gate.
 16434 | Lair:4   | Noticed Nubia's ghost (journeyman GnEn)
 17391 | Orc:1    | Entered Level 1 of the Orcish Mines
 17796 | Orc:2    | Entered Level 2 of the Orcish Mines
 17801 | Orc:2    | Reached skill level 16 in Spellcasting
 17801 | Orc:2    | Reached XP level 15. HP: 110/118 MP: 0/0
 17801 | Orc:2    | Learned a level 6 spell: Simulacrum
 18037 | Orc:1    | Found Ymaed's Magic Scroll Shoppe.
 18040 | Orc:1    | Bought a scroll of brand weapon for 142 gold pieces
 18118 | Orc:2    | Found Adoxkocu's Book Shop.
 18155 | Orc:2    | Found a staircase to the Elven Halls.
 18310 | Orc:2    | Reached skill level 1 in Long Blades
 18373 | Orc:2    | Noticed an orc warlord
 18385 | Orc:2    | Killed an orc warlord
 18522 | Orc:2    | Found Yzept's General Store.
 18529 | Orc:2    | Bought a scroll of fear for 52 gold pieces
 18529 | Orc:2    | Bought a scroll of identify for 26 gold pieces
 18605 | Orc:2    | Found Etumeuffonn's Jewellery Shoppe.
 18635 | Orc:2    | Found Mequjime's Antique Armour Shoppe.
 18649 | Orc:2    | Found Zouza's Antique Weapon Shoppe.
 19176 | Lair:5   | Entered Level 5 of the Lair of Beasts
 19487 | Lair:5   | Found a viscous altar of Jiyva.
 19496 | Lair:5   | Found a staircase to the Slime Pits.
 19693 | Lair:5   | Reached skill level 15 in Fighting
 20295 | Lair:5   | Found a one-way gate to the infinite horrors of the Abyss.
 20295 | Lair:5   | Found a corrupted altar of Lugonu.
 20730 | Lair:5   | Identified the +4 ring mail "Gyodafag" {Dex+6}
 20941 | Lair:5   | Reached XP level 16. HP: 59/126 MP: 0/0
 21148 | Spider:1 | Entered Level 1 of the Spider Nest
 21165 | Spider:1 | Reached skill level 17 in Spellcasting
 21458 | Spider:1 | Noticed an emperor scorpion
 21476 | Spider:1 | Killed an emperor scorpion
 21477 | Spider:1 | Reached skill level 5 in Long Blades
 21799 | Spider:1 | Noticed Azrael
 21809 | Spider:1 | Killed Azrael
 21921 | Spider:1 | Noticed an emperor scorpion
 21937 | Spider:1 | Killed an emperor scorpion
 22009 | Spider:1 | Noticed Agnes
 22014 | Spider:1 | Killed Agnes
 23077 | Spider:2 | Upgraded the game from 0.30.0-5-g1a98f26d00 to
                  | 0.30.0-10-gfe55d96785
 23111 | Spider:2 | Identified the +6 short sword of Drought {spect, Fragile
                  | rElec rC+ rN+++}
 24096 | Spider:3 | Mangled by a spark wasp

Illustrated notes

Levels and vault maps discovered:
D:1:      dpeg_cavernosity, layout_basic
D:2:      minmay_recursive_quarters, layout_basic, minmay_tree_intersection,
          dk_noncrumbling_2, bh_walls_and_bars
D:3:      layout_loops_ring, nicolae_dithmenos_through_a_glass_darkly,
          serial_shops, shop, glass_columns_b, minmay_circle_x
D:4:      layout_loops_ring, nicolae_wu_jian_immortal_techniques,
          mainiacjoe_overflow_cross_hatched, nzn_hepliaklqana_mist_gate,
          gup_sewer_entry_bubbles, uniq_duvessa
D:5:      minmay_spotlight, layout_loops_corners,
          nicolae_qazlal_general_emergency
D:6:      layout_cave_pools, minmay_temple_entry_butterflies, serial_gnoll_camp,
          gnoll_camp_huts_basic, gnoll_camp_mini_basic,
          gnoll_camp_mini_doghouse, gnoll_camp_mini_house,
          gnoll_camp_mini_doghouse
D:7:      layout_cave_pools, slow_altar_1, serial_bayou, serial_bayou_ford_a,
          serial_bayou_pond_b, serial_bayou_pond_d, serial_bayou_shore_b,
          grunt_ministairs_15
D:8:      layout_basic, serial_shops, shop, uniq_erica, uniq_maurice
D:9:      layout_irregular_city, lemuel_crystal_altar, minmay_lair_entry_grove,
          erik_orc_3, minmay_starry_boxes
D:10:     layout_cave_pools, grunt_temple_overflow_cloverleaf, minivault_23,
          centaur_isle
D:11:     layout_irregular_city, portal_ice_cave_entry_pillars_2,
          minmay_misc_feat_tower
Temple:   bh_familiar_temple
Lair:1:   layout_long_grid, special_room [special_room_bee], beast_lair_carwin_4
Lair:2:   layout_roguey, nicolae_swamp_entry_splash_gauntlet,
          infiniplex_staircase_pool_2
Lair:3:   layout_small_grid, spider_nest_entry_funnel_web,
          nicolae_volcano_entry_hallway, beast_lair_carwin_8
Lair:4:   layout_cellular_growth, gammafunk_ghost_split
Lair:5:   hellmonk_lair_end_abyssal_woods, layout_gridlike, slime_entry_1,
          minivault_23, hibernation_bobbens, lemuel_fruit_fields
Spider:1: layout_spider_delve, uniq_agnes, uniq_azrael
Spider:2: layout_spider_delve
Spider:3: layout_cave_pods
Orc:1:    layout_caves, serial_shops, nicolae_shop_tiny_real_fake_doors
Orc:2:    grunt_orc_cross, layout_caves, serial_shops, nicolae_square_shop,
          nicolae_orc_stony_grotto

Skill      XL: |  1  2  3  4  5  6  7  8  9 10 11 12 13 14 15 16 |
---------------+-------------------------------------------------+-----
Fighting       | 1 2 3 4 5 7 9 10 11 13 14 15 16 | 16.2
Spellcasting   | 3 4 5 7 8 10 11 13 14 16 17 | 17.8
Long Blades    | 4 6 |  6.8
Dodging        | |  2.1
Stealth        | |  1.5

Action                     |  1- 3 |  4- 6 |  7- 9 | 10-12 | 13-15 | 16-18 || total
---------------------------+-------+-------+-------+-------+-------+-------++-------
  Melee: Dagger            |     8 |     7 |    11 |    19 |    30 |       ||    75
         Punch             |       |       |       |       |     1 |       ||     1
         Scimitar          |       |       |       |       |     8 |    19 ||    27
   Cast: Foxfire           |    78 |   102 |   189 |   255 |   400 |    99 ||  1123
         Volatile Blastmot |       |     5 |     8 |    19 |       |       ||    32
         Scorch            |       |     6 |    48 |   110 |   169 |   109 ||   442
         Inner Flame       |       |     1 |    27 |    49 |    99 |    41 ||   217
         Flame Wave        |       |       |     4 |    22 |    38 |     7 ||    71
         Animate Dead      |       |       |     2 |     2 |       |       ||     4
         Magic Dart        |       |       |       |     2 |    16 |     6 ||    24
         Iskenderun's Myst |       |       |       |     2 |   105 |   147 ||   254
         Summon Forest     |       |       |       |       |    24 |     2 ||    26
         Static Discharge  |       |       |       |       |     7 |       ||     7
         Simulacrum        |       |       |       |       |     4 |     1 ||     5
    Use: Scroll            |       |    10 |     5 |     5 |     4 |     1 ||    25
         Potion            |       |       |       |       |     1 |     1 ||     2
   Stab: Sleeping          |     2 |       |       |       |       |     1 ||     3
 Armour: Robe              |     6 |       |     1 |       |     4 |    22 ||    33
         Ring mail         |       |       |     4 |    27 |    34 |       ||    65
  Dodge: Dodged            |     5 |    13 |    22 |    40 |    55 |    51 ||   186
